NWL (28 & UNDER)
RED DEER WRANGLERS @ RIVERSIDE RED BULLS
05/18/2027
 
TOP OF THE 1ST
Red Deer Wranglers batting - Pitching for Riverside Red Bulls : RHP Gene Whitley
Pitching: RHP Gene Whitley
Batting: RHB Art Cameron 0-0: Foul Ball, location: 2F
0-1: Ball
1-1: Swinging Strike
1-2: Strikes out looking
Batting: LHB Jorge Olvera 0-0: Ball
1-0: Called Strike
1-1: Swinging Strike
1-2: Strikes out swinging
Batting: RHB Luis Peña 0-0: Ball
1-0: Ball
2-0: Ball
3-0: Base on Balls
Batting: LHB Russell Peck 0-0: Ball
Luis Peña steals 2nd base
1-0: Ball
2-0: Ball
3-0: Base on Balls
Batting: LHB Andrew Veeck 0-0: Fly out, F8 (Line Drive, 8LD)
Top of the 1st over - 0 run(s), 0 hit(s), 0 error(s), 2 left on base; Red Deer 0 - Riverside 0
BOTTOM OF THE 1ST
Riverside Red Bulls batting - Pitching for Red Deer Wranglers : RHP José Ramos
Pitching: RHP José Ramos
Batting: RHB Tom Howe 0-0: Called Strike
0-1: Ball
1-1: Ball
2-1: Foul Ball, location: 2F
2-2: SINGLE (Flyball, 9LM)
Batting: RHB Kevin Brown 0-0: Ball
1-0: Swinging Strike
1-1: Swinging Strike
1-2: Strikes out swinging
Batting: RHB José Vázquez 0-0: Ball
1-0: Called Strike
1-1: Ground out 6-3 (Groundball, 6S)
Tom Howe to second
Batting: RHB Enrique Flores 0-0: SINGLE (Groundball, 4MD)
Tom Howe to third
Runner from 3rd tries for Home, SAFE, no throw
Batting: RHB Fernando Bórquez 0-0: Ball
Enrique Flores steals 2nd base
1-0: Foul Ball, location: 2F
1-1: Ball
2-1: Ball
3-1: Called Strike
3-2: Fly out, F7 (Flyball, 78M)
Bottom of the 1st over - 1 run(s), 2 hit(s), 0 error(s), 1 left on base; Red Deer 0 - Riverside 1
TOP OF THE 2ND
Red Deer Wranglers batting - Pitching for Riverside Red Bulls : RHP Gene Whitley
Batting: RHB Steve Burton 0-0: Ball
1-0: Ball
2-0: Ball
3-0: Called Strike
3-1: Foul Ball, location: 2F
3-2: Base on Balls
Batting: RHB Allen Brown 0-0: SINGLE (Groundball, 56D)
Steve Burton to second
Batting: RHB Ricardo González 0-0: Called Strike
0-1: SINGLE (Groundball, 4D)
Steve Burton to third
Allen Brown to second
Runner from 3rd tries for Home, SAFE, no throw
Batting: RHB Joe Lewis 0-0: Called Strike
0-1: Ball
1-1: Foul Ball, location: 2F
1-2: Ball
Wild Pitch!
Allen Brown to third
Ricardo González to second
2-2: Ball
3-2: Foul Ball, location: 2F
3-2: Ground out 6-3 (Groundball, 6)
Allen Brown scores
Batting: RHB Art Cameron 0-0: Ball
1-0: Ball
2-0: Swinging Strike
2-1: Ground out U3 (Groundball, 3)
Ricardo González to third
Batting: LHB Jorge Olvera 0-0: Called Strike
0-1: Ball
1-1: Ball
2-1: Ball
3-1: Foul Ball, location: 2F
3-2: Base on Balls
Batting: RHB Luis Peña 0-0: Ball
1-0: Called Strike
1-1: Ball
2-1: Foul Ball, location: 2F
2-2: Strikes out swinging
Top of the 2nd over - 2 run(s), 2 hit(s), 0 error(s), 2 left on base; Red Deer 2 - Riverside 1
BOTTOM OF THE 2ND
Riverside Red Bulls batting - Pitching for Red Deer Wranglers : RHP José Ramos
Batting: RHB Pedro Mata 0-0: Called Strike
0-1: SOLO HOME RUN (Flyball, 7D), Distance : 410 ft
Batting: RHB Marcos Hernández 0-0: Foul Ball, location: 2F
0-1: SINGLE (Line Drive, 6M)
Batting: RHB Brandon Pope 0-0: Foul Ball, location: 2F
0-1: Fly out, F4 (Popup, 4)
Batting: RHB Luis Flores 0-0: Ball
1-0: Fly out, F9 (Line Drive, 89S)
Batting: RHB Tom Howe 0-0: Fly out, F8 (Flyball, 78D)
Bottom of the 2nd over - 1 run(s), 2 hit(s), 0 error(s), 1 left on base; Red Deer 2 - Riverside 2
TOP OF THE 3RD
Red Deer Wranglers batting - Pitching for Riverside Red Bulls : RHP Gene Whitley
Batting: LHB Russell Peck 0-0: Called Strike
0-1: Ball
1-1: Ball
2-1: Swinging Strike
2-2: Strikes out looking
Batting: LHB Andrew Veeck 0-0: Ball
1-0: Called Strike
1-1: Foul Ball, location: 2F
1-2: Foul Ball, location: 2F
1-2: Strikes out swinging
Batting: RHB Steve Burton 0-0: Fly out, F8 (Line Drive, 8LM)
Top of the 3rd over - 0 run(s), 0 hit(s), 0 error(s), 0 left on base; Red Deer 2 - Riverside 2
BOTTOM OF THE 3RD
Riverside Red Bulls batting - Pitching for Red Deer Wranglers : RHP José Ramos
Batting: RHB Kevin Brown 0-0: Foul Ball, location: 2F
0-1: Fly out, F7 (Flyball, 7)
Batting: RHB José Vázquez 0-0: Called Strike
0-1: Ball
1-1: Foul Ball, location: 2F
1-2: Strikes out swinging
Batting: RHB Enrique Flores 0-0: Ball
1-0: Foul Ball, location: 2F
1-1: Ball
2-1: Foul Ball, location: 2F
2-2: Strikes out looking
Bottom of the 3rd over - 0 run(s), 0 hit(s), 0 error(s), 0 left on base; Red Deer 2 - Riverside 2
TOP OF THE 4TH
Red Deer Wranglers batting - Pitching for Riverside Red Bulls : RHP Gene Whitley
Batting: RHB Allen Brown 0-0: Ball
1-0: Called Strike
1-1: Called Strike
1-2: Ball
2-2: Foul Ball, location: 2F
2-2: Strikes out looking
Batting: RHB Ricardo González 0-0: Ball
1-0: Fly out, F8 (Flyball, 8LXD)
Batting: RHB Joe Lewis 0-0: Ground out 5-3 (Groundball, 5)
Top of the 4th over - 0 run(s), 0 hit(s), 0 error(s), 0 left on base; Red Deer 2 - Riverside 2
BOTTOM OF THE 4TH
Riverside Red Bulls batting - Pitching for Red Deer Wranglers : RHP José Ramos
Batting: RHB Fernando Bórquez 0-0: Called Strike
0-1: Called Strike
0-2: Strikes out swinging
Batting: RHB Pedro Mata 0-0: SINGLE (Line Drive, 8LS)
Batting: RHB Marcos Hernández 0-0: Ball
1-0: Foul Ball, location: 2F
1-1: Foul Ball, location: 2F
1-2: Ball
2-2: Fly out, F7 (Flyball, 7D)
Batting: RHB Brandon Pope 0-0: Ball
Pedro Mata is caught stealing 2nd base
Bottom of the 4th over - 0 run(s), 1 hit(s), 0 error(s), 0 left on base; Red Deer 2 - Riverside 2
TOP OF THE 5TH
Red Deer Wranglers batting - Pitching for Riverside Red Bulls : RHP Gene Whitley
Batting: RHB Art Cameron 0-0: Ball
1-0: Ball
2-0: Ball
3-0: Base on Balls
Batting: LHB Jorge Olvera 0-0: Ball
1-0: Called Strike
1-1: Foul Ball, location: 2F
1-2: Ball
2-2: Foul Ball, location: 2F
2-2: Foul Ball, location: 2F
2-2: Fly out, F6 (Popup, 6MS)
Pitching: RHP Raúl Hernández
Batting: RHB Luis Peña 0-0: Ball
1-0: Ball
2-0: Fly out, F8 (Flyball, 8LXD)
Batting: LHB Russell Peck 0-0: Ball
1-0: SINGLE (Groundball, 3) (infield hit)
Art Cameron to second
Batting: LHB Andrew Veeck 0-0: Ball
1-0: Ball
2-0: Called Strike
2-1: Swinging Strike
2-2: Strikes out swinging
Top of the 5th over - 0 run(s), 1 hit(s), 0 error(s), 2 left on base; Red Deer 2 - Riverside 2
BOTTOM OF THE 5TH
Riverside Red Bulls batting - Pitching for Red Deer Wranglers : RHP José Ramos
Batting: RHB Brandon Pope 0-0: Ball
1-0: SINGLE (Line Drive, 34D)
Batting: RHB Luis Flores 0-0: Foul Ball, location: 2F
0-1: Ball
1-1: Called Strike
1-2: Strikes out swinging
Batting: RHB Tom Howe 0-0: Ball
1-0: Ball
2-0: Ball
3-0: Base on Balls
Brandon Pope to second
Batting: RHB Kevin Brown 0-0: Ball
1-0: Grounds into double play, 5-4-3 (Groundball, 56)
Bottom of the 5th over - 0 run(s), 1 hit(s), 0 error(s), 1 left on base; Red Deer 2 - Riverside 2
TOP OF THE 6TH
Red Deer Wranglers batting - Pitching for Riverside Red Bulls : RHP Raúl Hernández
Batting: RHB Steve Burton 0-0: Fly out, F7 (Flyball, 78D)
Batting: RHB Allen Brown 0-0: Called Strike
0-1: Ball
1-1: Fly out, F8 (Flyball, 8LM)
Batting: RHB Ricardo González 0-0: Called Strike
0-1: Ground out U3 (Groundball, 34)
Top of the 6th over - 0 run(s), 0 hit(s), 0 error(s), 0 left on base; Red Deer 2 - Riverside 2
BOTTOM OF THE 6TH
Riverside Red Bulls batting - Pitching for Red Deer Wranglers : RHP José Ramos
Batting: RHB José Vázquez 0-0: Ball
1-0: Swinging Strike
1-1: Ball
2-1: Ball
3-1: Foul Ball, location: 2F
3-2: Fly out, F3 (Flyball, 3D)
Batting: RHB Enrique Flores 0-0: Ball
1-0: Ball
2-0: Called Strike
2-1: SINGLE (Line Drive, 9S)
Batting: RHB Fernando Bórquez 0-0: Called Strike
0-1: Ball
1-1: Ball
2-1: Swinging Strike
2-2: Fly out, F9 (Flyball, 9)
Batting: RHB Pedro Mata 0-0: Foul Ball, location: 2F
0-1: Fly out, F8 (Flyball, 89M)
Bottom of the 6th over - 0 run(s), 1 hit(s), 0 error(s), 1 left on base; Red Deer 2 - Riverside 2
TOP OF THE 7TH
Red Deer Wranglers batting - Pitching for Riverside Red Bulls : RHP Raúl Hernández
Pinch Hitting: RHB Ben Fisher 0-0: Called Strike
0-1: Ball
1-1: Swinging Strike
1-2: Strikes out swinging
Batting: RHB Art Cameron 0-0: Ball
1-0: Called Strike
1-1: Foul Ball, location: 2F
1-2: Foul Ball, location: 2F
1-2: Ball
2-2: Strikes out swinging, 2-3 out at first.
Batting: LHB Jorge Olvera 0-0: Foul Ball, location: 2F
0-1: Ball
1-1: Ball
2-1: Ball
3-1: Swinging Strike
3-2: Strikes out swinging
Top of the 7th over - 0 run(s), 0 hit(s), 0 error(s), 0 left on base; Red Deer 2 - Riverside 2
BOTTOM OF THE 7TH
Riverside Red Bulls batting - Pitching for Red Deer Wranglers : RHP José Ramos
Now at 3B: Ben Fisher
Batting: RHB Marcos Hernández 0-0: Called Strike
0-1: Called Strike
0-2: Foul Ball, location: 2F
0-2: Foul Ball, location: 2F
0-2: Ball
1-2: Ball
2-2: Fly out, F9 (Flyball, 9LS)
Batting: RHB Brandon Pope 0-0: Ball
1-0: Ground out 6-3 (Groundball, 6)
Batting: RHB Luis Flores 0-0: Ball
1-0: Called Strike
1-1: Foul Ball, location: 2F
1-2: Fly out, F8 (Flyball, 89M)
Bottom of the 7th over - 0 run(s), 0 hit(s), 0 error(s), 0 left on base; Red Deer 2 - Riverside 2
TOP OF THE 8TH
Red Deer Wranglers batting - Pitching for Riverside Red Bulls : RHP Raúl Hernández
Batting: RHB Luis Peña 0-0: Foul Ball, location: 2F
0-1: SOLO HOME RUN (Flyball, 7D), Distance : 399 ft
Batting: LHB Russell Peck 0-0: Foul Ball, location: 2F
0-1: Swinging Strike
0-2: Foul Ball, location: 2F
0-2: Strikes out looking
Batting: LHB Andrew Veeck 0-0: Ball
1-0: Ball
2-0: Ball
3-0: Base on Balls
Batting: RHB Steve Burton 0-0: TRIPLE (Flyball, 9LM)
Andrew Veeck scores
Pitching: RHP Carlos Morán
Batting: RHB Allen Brown 0-0: Ball
1-0: Ground out 1-3 (Groundball, P)
Batting: RHB Ricardo González 0-0: Ball
1-0: Foul Ball, location: 2F
1-1: Foul Ball, location: 2F
1-2: Strikes out swinging
Top of the 8th over - 2 run(s), 2 hit(s), 0 error(s), 1 left on base; Red Deer 4 - Riverside 2
BOTTOM OF THE 8TH
Riverside Red Bulls batting - Pitching for Red Deer Wranglers : RHP José Ramos
Pitching: RHP Raúl Zumaya
Batting: RHB Tom Howe 0-0: Swinging Strike
0-1: Ball
1-1: Fly out, F8 (Line Drive, 8LS)
Batting: RHB Kevin Brown 0-0: Ball
1-0: Foul Ball, location: 2F
1-1: Foul Ball, location: 2F
1-2: Fly out, F7 (Flyball, 7LM)
Batting: RHB José Vázquez 0-0: Ball
1-0: Swinging Strike
1-1: Swinging Strike
1-2: Ball
2-2: Ground out 6-3 (Groundball, 6)
Bottom of the 8th over - 0 run(s), 0 hit(s), 0 error(s), 0 left on base; Red Deer 4 - Riverside 2
TOP OF THE 9TH
Red Deer Wranglers batting - Pitching for Riverside Red Bulls : RHP Carlos Morán
Batting: RHB Ben Fisher 0-0: Ball
1-0: Foul Ball, location: 2F
1-1: Foul Ball, location: 2F
1-2: Ball
2-2: Foul Ball, location: 2F
2-2: Strikes out swinging
Batting: RHB Art Cameron 0-0: Ball
1-0: Ball
2-0: SINGLE (Line Drive, 78S)
Batting: LHB Jorge Olvera 0-0: Ball
1-0: Ball
2-0: Ball
3-0: Base on Balls
Art Cameron to second
Batting: RHB Luis Peña 0-0: Ball
1-0: Foul Ball, location: 2F
1-1: Swinging Strike
1-2: Ball
2-2: Strikes out looking
Batting: LHB Russell Peck 0-0: Ball
Art Cameron steals 3rd base
Jorge Olvera to second
1-0: Ball
2-0: Called Strike
2-1: Foul Ball, location: 2F
2-2: Ball
3-2: Base on Balls
Batting: LHB Andrew Veeck 0-0: SINGLE (Groundball, 6D)
Art Cameron scores
Jorge Olvera to third
Russell Peck to second
Runner from 3rd tries for Home, SAFE, no throw
Pitching: LHP Monty Williams
Batting: RHB Steve Burton 0-0: Ball
1-0: Ball
2-0: Foul Ball, location: 2F
2-1: Ball
3-1: Fielders Choice at 2nd, 6-4 (Groundball, 56)
Top of the 9th over - 2 run(s), 2 hit(s), 0 error(s), 1 left on base; Red Deer 6 - Riverside 2
BOTTOM OF THE 9TH
Riverside Red Bulls batting - Pitching for Red Deer Wranglers : RHP Raúl Zumaya
Batting: RHB Enrique Flores 0-0: Ball
1-0: SINGLE (Line Drive, 3D)
Batting: RHB Fernando Bórquez 0-0: Ball
Wild Pitch!
Enrique Flores to second
1-0: Called Strike
1-1: Ground out 3-1 (Groundball, 34)
Enrique Flores to third
Batting: RHB Pedro Mata 0-0: Called Strike
0-1: Foul Ball, location: 2F
0-2: Ball
1-2: Ball
2-2: SINGLE (Groundball, 56D)
Enrique Flores scores
Pitching: LHP Manuel Gil
Batting: RHB Marcos Hernández 0-0: Called Strike
0-1: Foul Ball, location: 2F
0-2: Ball
1-2: Ball
2-2: Ball
3-2: Base on Balls
Pedro Mata to second
Batting: RHB Brandon Pope 0-0: Foul Ball, location: 2F
0-1: SINGLE (Groundball, 6MD)
Pedro Mata to third
Marcos Hernández to second
Runner from 3rd tries for Home, SAFE, throw made home
Marcos Hernández to third
Brandon Pope to second
Batting: RHB Luis Flores 0-0: Ball
1-0: Ball
2-0: Ball
3-0: Base on Balls
Batting: RHB Tom Howe 0-0: Called Strike
0-1: Ball
1-1: Swinging Strike
1-2: Strikes out looking
Batting: RHB Kevin Brown 0-0: Ball
1-0: Fly out, F5 (Line Drive, 5L)
Bottom of the 9th over - 2 run(s), 3 hit(s), 0 error(s), 3 left on base; Red Deer 6 - Riverside 4
Thursday, March 30th, 2017 - OOTP Baseball 17.12 Build 75